 Dungeon Crawl Stone Soup version 0.28-a0-1182-g381e24db82 (webtiles) character file.

Game seed: 11108305112303996747

21 DrKleor the Skirmisher (level 2, 0/24 HPs)
             Began as a Demonspawn Fighter on Dec 16, 2021.
             Slain by an iguana (12 damage)
             ... on level 2 of the Dungeon.
             The game lasted 00:03:06 (1190 turns).

DrKleor the Skirmisher (Demonspawn Fighter)         Turns: 1190, Time: 00:03:07

Health: 0/24       AC:  6    Str: 16    XL:     2   Next: 65%
Magic:  2/2        EV:  9    Int:  9    God:
Gold:   63         SH:  4    Dex: 12    Spells: 1/1 levels left

rFire   . . .      SeeInvis .   a - +0 flail
rCold   . . .      Faith    .   c - +0 buckler
rNeg    . . .      Spirit   .   b - +0 scale mail
rPois   .          Reflect  .   (no helmet)
rElec   .          Harm     .   (no cloak)
rCorr   .          Rampage  .   (no gloves)
Will    .....                   (no boots)
Stlth   ..........              j - amulet of magic regeneration
HPRegen 0.08/turn               (no ring)
MPRegen 0.48/turn               (no ring)

@: no status effects
A: demonic touch 1
a: no special abilities


You were on level 2 of the Dungeon.
You visited 1 branch of the dungeon, and saw 2 of its levels.

You collected 63 gold pieces.

Inventory:

Hand Weapons
 a - a +0 flail (weapon)
Armour
 b - a +0 scale mail (worn)
 c - a +0 buckler (worn)
Jewellery
 j - an amulet of magic regeneration (around neck)
 k - a ring of fire
Scrolls
 e - a scroll of brand weapon {unknown}
 g - a scroll of identify {unknown}
 h - 2 scrolls of fog {unknown}
 l - a scroll of blinking {unknown}
Potions
 d - a potion of might
 f - a potion of curing {unknown}
 i - a potion of brilliance {unknown}


   Skills:
 + Level 3.3 Fighting
 - Level 2.0 Maces & Flails
 + Level 3.0 Armour
 - Level 2.8 Shields
 + Level 0.5 Unarmed Combat


You had one spell level left.
You didn't know any spells.
Your spell library contained the following spells:

 Spells                   Type           Power      Damage    Failure   Level
 Foxfire                  Conj/Fire      0%         2x1d4     86%         1
 Passwall                 Tmut/Erth      0%         N/A       94%         2
 Conjure Flame            Conj/Fire      0%         6-21      99%         3
 Dazzling Flash           Conj/Hex       0%         N/A       99%         3
 Inner Flame              Hex/Fire       0%         N/A       99%         3
 Swiftness                Air            0%         N/A       99%         3
 Flame Wave               Conj/Fire      0%         2d4       100%        4
 Iskenderun's Mystic Bla  Conj/Tloc      0%         2d3       100%        4
 Starburst                Conj/Fire      0%         6d3       100%        6


Dungeon Overview and Level Annotations

Branches:
Dungeon (2/15)

Altars:

Shops:
D:1 !((


Innate Abilities, Weirdness & Mutations

Your touch may inflict minor irresistible damage on your foes.


Message History

(D) Dungeon
Where to? (? - help)
There is a stone staircase leading down here.
You climb downwards.
Found a thick platinum amulet.
There is a stone staircase leading up here.
j - an amulet of magic regeneration
Found 9 gold pieces.
You start putting on your amulet.
You continue putting on your amulet of magic regeneration. x5
You finish putting on your amulet of magic regeneration.
j - an amulet of magic regeneration (around neck)
You now have 48 gold pieces (gained 9).
A goblin comes into view. It is wielding a +0 dagger.
The goblin shouts!
Found a hand axe.
Found a sapphire ring.
The goblin completely misses you.
You barely miss the goblin.
The goblin hits you but does no damage. x2
You closely miss the goblin. The goblin barely misses you.
You thump the goblin!
You kill the goblin!
Found a robe.
Things that are here:
a +0 dagger; a goblin corpse
k - a ring of fire You open the door.
There is an open door here.
l - a scroll labelled HAFRAGHUQO
Found an escape hatch in the ceiling.
You now have 63 gold pieces (gained 15).
An iguana comes into view.
The iguana hisses angrily.
You hit the iguana but do no damage. The iguana closely misses you.
The iguana bites you!
Ouch! That really hurt!
You sock the iguana!
The iguana is severely wounded.
The iguana bites you!
Ouch! That really hurt!
You die...

...#.#.###########.#....#
...#.#...........<......#
..##...############.....#
######.......# ....#
.....#.#####.# ### ...#
####.#.# #.# #.. ..# #
#..#.# #.# #.# ## #
#.##.# #.# #l# # #.##.#
#.###@# # #.##.# #.....#
# #.##.# ####### # #....#
#<###### .. ##


You could see an iguana.

Vanquished Creatures
  2 bats (D:1)
  4 endoplasms (D:1)
  A giant cockroach (D:1)
  2 goblins
  2 hobgoblins (D:1)
  A kobold (D:1)
  A quokka (D:1)
  A ball python (D:1)
  A frilled lizard (D:1)
  4 rats (D:1)
19 creatures vanquished.

Notes
Turn   | Place    | Note
-------+----------+-------------------------------------------
     0 | D:1      | DrKleor the Demonspawn Fighter began the quest for the Orb.
     0 | D:1      | Reached XP level 1. HP: 18/18 MP: 1/1
   121 | D:1      | Found Jiapp's Weapon Boutique.
   148 | D:1      | Found a faded altar of an unknown god.
   215 | D:1      | Gained mutation: Your touch may inflict minor irresistible
                  | damage on your foes. [demonic ancestry]
   215 | D:1      | Reached XP level 2. HP: 24/24 MP: 2/2
   397 | D:1      | Found Wetew's Distillery.
   811 | D:1      | Found Qonteef's Antique Weapon Boutique.
  1190 | D:2      | Slain by an iguana

Illustrated notes

Levels and vault maps discovered:
D:1:      eino_arrival_cavern_c, layout_basic, serial_shops, shop,
          nicolae_shop_statue_plus, shop, dreamdust_ecumenical_altar_grove
D:2:      layout_basic, serial_shops, shop, uniq_terence

Skill      XL: |  1  2 |
---------------+-------+-----
Maces & Flails | 2 |  2.0
Armour         | 3 |  3.0
Fighting       | |  3.3
Shields        | |  2.8
Unarmed Combat | |  0.5

Action                   || total
-------------------------++-------
Melee: Flail             ||    58
Armor: Scale mail        ||    33
Dodge: Dodged            ||    37
Block: Buckler           ||     8

Table legend: (Time is in decaauts)
 A = Elapsed time spent in this place.
 B = Non-inter-level travel time spent in this place.
 C = Inter-level travel time spent in this place.
 D = Time resting spent in this place.
 E = Time spent auto-exploring this place.
 F = Levels seen in this place.
 G = Mean time per level.
                   A        B        C        D        E       F      G
               +--------+--------+--------+--------+--------+-----+--------+
         Total |   1208 |   1196 |     12 |    223 |    778 |   2 |  604.0 |
       Dungeon |   1208 |   1196 |     12 |    223 |    778 |   2 |  604.0 |
               +--------+--------+--------+--------+--------+-----+--------+

Top non-repeatable levels by time:
     D:1: 1080 daAuts
     D:2: 128 daAuts
